 Dungeon Crawl Stone Soup version 0.19.1 (webtiles) character file.

39 Melicamp the Ruffian (level 3, -3/31 HPs)
             Began as a Naga Transmuter on Dec 1, 2016.
             Slain by a goblin (4 damage)
             ... led by Robin
             ... on level 2 of the Dungeon.
             The game lasted 00:06:07 (1618 turns).

Melicamp the Ruffian (Naga Transmuter)              Turns: 1618, Time: 00:06:08

Health: -3/31      AC:  2    Str: 13    XL:     3   Next: 45%
Magic:  6/6        EV: 10    Int: 13    God:
Gold:   46         SH:  0    Dex: 11    Spells: 1 memorised, 5 levels left

rFire  . . .     SeeInvis +       - Unarmed
rCold  . . .     Gourm    .     b - +0 robe
rNeg   . . .     Faith    .     (no shield)
rPois  +         Spirit   .     (no helmet)
rElec  .         Reflect  .     (no cloak)
rCorr  .         Harm     .     (no gloves)
MR     .....                    (no barding)
Stlth  +.........               (no amulet)
                                (no ring)
                                (no ring)

@: very slow
A: see invisible, deformed body, poison resistance, slowness 2, slow metabolism
1, spit poison 1, AC +1
a: Spit Poison


You were on level 2 of the Dungeon.
You were hungry.

You visited 1 branch of the dungeon, and saw 2 of its levels.

You collected 46 gold pieces.

Inventory:

Missiles
 a - 34 arrows (quivered)
Armour
 b - a +0 robe (worn)
 e - a cursed +0 helmet
Jewellery
 g - an uncursed ring of protection from cold {unknown}
Potions
 f - a potion of resistance
Books
 c - a book of Changes

   Spells                             Type                      Level
   a - Beastly Appendage              Transmutation                1
   b - Sticks to Snakes               Transmutation                2
   c - Spider Form                    Transmutation/Poison         3
   d - Ice Form                       Ice/Transmutation            4
   e - Blade Hands                    Transmutation                5
Comestibles
 d - a bread ration


   Skills:
 - Level 1.0 Fighting
 - Level 1.5 Dodging
 * Level 4.4 Unarmed Combat
 - Level 2.0 Spellcasting
 - Level 2.0 Transmutations


You had 5 spell levels left.
You knew the following spells:

 Your Spells              Type           Power        Failure   Level  Hunger
a - Beastly Appendage     Tmut           #.....       12%         1    ##.....


Dungeon Overview and Level Annotations

Branches:
Dungeon (2/15)

Altars:

Annotations:
D:2 Robin


Innate Abilities, Weirdness & Mutations

You cannot wear boots.
Your serpentine skin is tough. (AC +1)
You have supernaturally acute eyesight. (SInv)
Armour fits poorly on your strangely shaped body.
Your system is resistant to poisons. (rPois)
You cover ground very slowly.
You have a slow metabolism.
You can spit poison.


Message History

You closely miss the goblin.
The goblin is severely wounded.
The goblin no longer looks unusually strong.
The goblin hits you. The goblin closely misses you. Robin barely misses you.
You barely miss the goblin.
The goblin is severely wounded.
The hobgoblin no longer looks unusually strong.
The goblin hits you.
* * * LOW HITPOINT WARNING * * *
The goblin closely misses you.
You closely miss the goblin.
The goblin is severely wounded.
The goblin hits you.
* * * LOW HITPOINT WARNING * * *
The goblin hits you with a club.
* * * LOW HITPOINT WARNING * * *
You hit the goblin.
You kill the goblin!
The goblin hits you.
You die...

### #.# #.# #.#
#####.# #g..g.#
#g###.# #g# #.#
#@###)# #)#..g#
###...#.###.###
...>...%g.g.g..
.##...#%###.###
#.....#
........
.##.....#
.......


You could see Robin, a hobgoblin and a goblin.

Vanquished Creatures
  An ooze (D:1)
  A dart slug (D:1)
  3 giant cockroaches
  5 goblins
  2 hobgoblins (D:1)
  5 jackals (D:1)
  A ball python (D:1)
  3 bats (D:1)
  3 frilled lizards (D:1)
  4 kobolds (D:1)
  A rat (D:1)
  A fungus (D:1)
30 creatures vanquished.

Notes
Turn   | Place    | Note
-------+----------+-------------------------------------------
     0 | D:1      | Melicamp the Naga Transmuter began the quest for the Orb.
     0 | D:1      | Reached XP level 1. HP: 18/18 MP: 3/3
   451 | D:1      | Reached XP level 2. HP: 22/25 MP: 3/5
   757 | D:1      | Reached skill level 4 in Unarmed Combat
   761 | D:1      | Reached XP level 3. HP: 5/31 MP: 3/6
  1606 | D:2      | Noticed Robin
  1617 | D:2      | HP: 1/31 [goblin/club (6)]
  1618 | D:2      | Slain by a goblin

Skill      XL: |  1  2 |
---------------+-------+-----
Unarmed Combat | 4 |  4.4
Fighting       | |  1.0
Dodging        | |  1.5
Spellcasting   | |  2.0
Transmutations | |  2.0

Action                   || total
-------------------------++-------
Melee: Unarmed           ||   117
       Headbutt          ||     7
       Punch             ||     1
 Cast: Beastly Appendage ||    14
  Use: Scroll            ||     3
  Eat: Chunk             ||     1
Armor: Robe              ||    27
Dodge: Dodged            ||    75
